 Dungeon Crawl Stone Soup version 0.29-a0-206-g4a66f2e2b5 (webtiles) character file.

Game seed: 8720774388920860548

234 Inarius the Chopper (level 5, -1/41 HPs)
             Began as a Demonspawn Fighter on Feb 23, 2022.
             Was an Initiate of Ashenzari.
             Slain by a wyvern (16 damage)
             ... on level 4 of the Dungeon.
             The game lasted 00:04:27 (3070 turns).

Inarius the Chopper (Demonspawn Fighter)            Turns: 3070, Time: 00:04:27

Health: -1/41      AC:  6    Str: 19    XL:     5   Next: 75%
Magic:  5/5        EV:  9    Int:  9    God:    Ashenzari [......]
Gold:   241        SH:  4    Dex: 12    Spells: 4/4 levels left

rFire   . . .      SeeInvis .   a - +0 war axe
rCold   . . .      Faith    .   c - +0 buckler
rNeg    . . .      Spirit   .   b - +0 scale mail
rPois   .          Reflect  .   (helmet restricted)
rElec   .          Harm     .   (no cloak)
rCorr   .          Rampage  .   (no gloves)
Will    +....                   (no boots)
Stlth   ..........              (no amulet)
HPRegen 0.13/turn               l - +4 ring of slaying
MPRegen 0.09/turn               i - ring of willpower

@: no status effects
A: antennae 2, powered by death 1, spiny 1
a: Renounce Religion, Curse Item


You were on level 4 of the Dungeon.
You worshipped Ashenzari.
Ashenzari was noncommittal.
You visited 1 branch of the dungeon, and saw 4 of its levels.

You collected 241 gold pieces.

Inventory:

Hand Weapons
 a - a +0 war axe (weapon)
Armour
 b - a +0 scale mail (worn)
 c - a +0 buckler (worn)
Jewellery
 i - a ring of willpower (right hand)
 l - a +4 ring of slaying (left hand)
 q - a ring of poison resistance
Scrolls
 e - a scroll of vulnerability {unknown}
 f - 2 scrolls of fear {unknown}
 k - 3 scrolls of identify {unknown}
 o - a scroll of immolation {unknown}
 p - a scroll of enchant weapon {unknown}
 t - a scroll of blinking {unknown}
Potions
 d - a potion of might
 g - a potion of flight {unknown}
 h - a potion of heal wounds {unknown}
 j - a potion of magic {unknown}
 m - 2 potions of attraction {unknown}
 n - a potion of ambrosia {unknown}
 r - a potion of resistance {unknown}
 s - a potion of degeneration {unknown}


   Skills:
 + Level 3.4 Fighting
 * Level 4.4 Axes
 + Level 3.6 Armour
 + Level 3.0 Shields


You had 4 spell levels left.
You didn't know any spells.
Your spell library was empty.

Dungeon Overview and Level Annotations

Branches:
Dungeon (4/15)
 Temple: D:4-7

Altars:
Ashenzari
Fedhas

Shops:
D:3 (((


Innate Abilities, Weirdness & Mutations

You have a pair of antennae on your head.
You regenerate a little health from kills.
You are partially covered in sharp spines.


Message History

There is a stone staircase leading down here.
You open the door.
Found a blossoming altar of Fedhas.
There is an open door here.
You enter the shallow water.
Moving in this stuff is going to be slow.
There is a blossoming altar of Fedhas here.
As you open the door, it creaks loudly!
There is an open door here.
You now have 241 gold pieces (gained 18).
A hound comes into view.
The hound barks!
A hound is nearby!
A hound is nearby!
You closely miss the hound. The hound barely misses you. The hound bites you.
You slash the hound!
The hound is almost dead.
You block the hound's attack. The hound is struck by your spines.
You kill the hound!
No target in view!
No target in view!
HP restored.
There is an open door here.
There is an open door here.
You sense a monster nearby.
A wyvern comes into view.
The wyvern hisses angrily.
A wyvern is nearby!
You hit the wyvern but do no damage. You block the wyvern's attack.
The wyvern bites you!
You closely miss the wyvern. The wyvern bites you!
You block the wyvern's attack.
You are too injured to fight recklessly!
You are too injured to fight recklessly!
Okay, then.
You aren't carrying any items that you can evoke.
Unknown command.
You closely miss the wyvern. You block the wyvern's attack.
The wyvern is struck by your spines. The wyvern bites you!
You die...

###.# #....##.##
##'## #..####.#
##...## #..####.#
#.....## #.......#
.......## ##..######
........####...#####
........'............
........####...######
.......###......@.#
#.....## #.###.##l#
##...## #.# #.# .#
##'## #.# #.# .# #>#
#.# #.# .# #.# #..
... .# ##.## ### #.#
## ##...### #.#
.......# #.#


You could see a wyvern.

Vanquished Creatures
  3 hounds
  A bullfrog skeleton (D:3)
  A hound skeleton (D:4)
  3 adders
  4 worms
  A dart slug (D:2)
  An orc (D:3)
  7 ball pythons
  3 bats
  6 endoplasms
  2 giant cockroaches (D:3)
  6 goblins
  10 hobgoblins
  A jackal (D:1)
  4 quokkas
  4 frilled lizards (D:1)
  6 kobolds
  6 rats
69 creatures vanquished.

Notes
Turn   | Place    | Note
-------+----------+-------------------------------------------
     0 | D:1      | Inarius the Demonspawn Fighter began the quest for the Orb.
     0 | D:1      | Reached XP level 1. HP: 18/18 MP: 1/1
   107 | D:1      | Gained mutation: You have a pair of small antennae on your
                  | head. [demonic ancestry]
   107 | D:1      | Reached XP level 2. HP: 17/24 MP: 2/2
   122 | D:1      | HP: 1/24 [rat (1)]
   175 | D:1      | Reached skill level 2 in Axes
   598 | D:1      | You fall into a shaft and drop 1 floor!
   816 | D:1      | Gained mutation: You are partially covered in sharp spines.
                  | [demonic ancestry]
   816 | D:1      | Reached XP level 3. HP: 29/29 MP: 3/3
  1277 | D:2      | Identified the +2 robe of Brilliance {rElec Dex+3}
  1335 | D:2      | Found a faded altar of an unknown god.
  1449 | D:2      | Reached skill level 3 in Axes
  1639 | D:2      | Prayed at the altar of an unknown god.
  1639 | D:2      | Became a worshipper of Ashenzari the Shackled
  2010 | D:2      | Gained mutation: You regenerate a little health from kills.
                  | [demonic ancestry]
  2010 | D:2      | Reached XP level 4. HP: 32/35 MP: 4/4
  2164 | D:3      | Found Cavunk's Weapon Shoppe.
  2462 | D:3      | Gained mutation: You have a pair of antennae on your head.
                  | [demonic ancestry]
  2462 | D:3      | Reached XP level 5. HP: 30/41 MP: 5/5
  2565 | D:3      | Found Ucuunif's Antique Weapon Shoppe.
  2610 | D:3      | Reached skill level 4 in Axes
  2630 | D:3      | Found Cautateuf's Weapon Boutique.
  2962 | D:4      | Found a blossoming altar of Fedhas.
  3067 | D:4      | Noticed a wyvern
  3070 | D:4      | Slain by a wyvern

Illustrated notes

Levels and vault maps discovered:
D:1:      lightli_arrival_lavapool, layout_basic, st_stairs_11
D:2:      layout_rooms, shapermc_ecumenical_altar_hornbeckon, minivault_4,
          nicolae_wormholes
D:3:      layout_rooms, serial_shops, nicolae_shop_bloodbath_and_beyond,
          nicolae_shop_behind_doors, nicolae_shop_hallway_stairs
D:4:      layout_loops_corners, zin_purify, kennysheep_little_box, serial_shops,
          nicolae_shop_behind_doors, gammafunk_ghost_grave, uniq_sigmund

Skill      XL: |  1  2  3  4  5 |
---------------+----------------+-----
Armour         | 3 |  3.6
Axes           | 2 3 4 |  4.4
Shields        | 3 |  3.0
Fighting       | |  3.4

Action                   |  1- 3 |  4- 6 || total
-------------------------+-------+-------++-------
Melee: War axe           |   102 |    48 ||   150
Armor: Scale mail        |    45 |    18 ||    63
Dodge: Dodged            |    38 |    18 ||    56
Block: Buckler           |    22 |    10 ||    32

Table legend: (Time is in decaauts)
 A = Elapsed time spent in this place.
 B = Non-inter-level travel time spent in this place.
 C = Inter-level travel time spent in this place.
 D = Time resting spent in this place.
 E = Time spent auto-exploring this place.
 F = Levels seen in this place.
 G = Mean time per level.
                   A        B        C        D        E       F      G
               +--------+--------+--------+--------+--------+-----+--------+
         Total |   3148 |   2987 |    161 |     83 |   2437 |   4 |  787.0 |
       Dungeon |   3148 |   2987 |    161 |     83 |   2437 |   4 |  787.0 |
               +--------+--------+--------+--------+--------+-----+--------+

Top non-repeatable levels by time:
     D:1: 1173 daAuts
     D:2: 1053 daAuts
     D:3: 673 daAuts
     D:4: 248 daAuts
